[Event "Seniors-LEM-65 Sachsen-Anhalt 2024"]
[Site "Magdeburg"]
[Date "2024.07.06"]
[Round "6.1"]
[White "Schnelzer, Reinhold"]
[Black "Babrikowski, Peter"]
[Result "1/2-1/2"]
[ECO "A84"]
[WhiteElo "2162"]
[BlackElo "2129"]
[Annotator "RC"]
[PlyCount "54"]
[EventDate "2024.06.25"]
[EventType "swiss"]
[EventCountry "GER"]
[SourceTitle "playchess.com"]
[Source "ChessBase"]
[SourceQuality "1"]
[TimeControl "40/5400+30:1800+30"]

1. d4 e6 2. Nf3 f5 3. c4 Nf6 4. g3 d5 5. Bf4 c6 6. Qc2 Bd6 7. Bxd6 Qxd6 8. Bg2 O-O 9. O-O b6 10. Nbd2 Bb7 11. Rac1 Nbd7 12. cxd5 cxd5 13. Qc7 Qxc7 14. Rxc7 Ba6 15. Ng5 Rfe8 16. Re1 h6 17. Nh3 Rec8 18. Rec1 Kf7 19. e3 Ke7 20. Nf4 Rxc7 21. Rxc7 Kd6 22. Rc3 g5 23. Nd3 Ne4 24. Bxe4 fxe4 25. Nb4 Bb5 26. a3 a5 27. Na2 Rf8 1/2-1/2

[Event "Seniors-LEM-65 Sachsen-Anhalt 2024"]
[Site "Magdeburg"]
[Date "2024.07.06"]
[Round "6.2"]
[White "Erler, Rainer"]
[Black "Koehler, Gerhard"]
[Result "1/2-1/2"]
[ECO "B25"]
[WhiteElo "2121"]
[BlackElo "2204"]
[Annotator "RC"]
[PlyCount "70"]
[EventDate "2024.06.25"]
[EventType "swiss"]
[EventCountry "GER"]
[SourceTitle "playchess.com"]
[Source "ChessBase"]
[SourceQuality "1"]
[TimeControl "40/5400+30:1800+30"]

1. e4 c5 2. Nc3 Nc6 3. g3 g6 4. Bg2 Bg7 5. d3 d6 6. Nh3 e6 7. O-O Nge7 8. f4 O-O 9. g4 f5 10. Nf2 Rb8 11. Ne2 b5 12. c3 d5 13. gxf5 exf5 14. e5 Be6 15. d4 c4 16. b4 a5 17. a3 Ra8 18. Bb2 Nc8 19. a4 Qb6 20. bxa5 Nxa5 21. Ba3 Rf7 22. Bc5 Qb8 23. axb5 Rb7 24. Qa4 Nb6 25. Bxb6 Rxb6 26. Rfb1 Qd8 27. Nd1 Bc8 28. Ne3 Bb7 29. Qc2 Nb3 30. Rxa8 Qxa8 31. Nc1 Rxb5 32. Nxb3 cxb3 33. Rxb3 Ra5 34. Rb2 Bh6 35. Qb3 Bxf4 1/2-1/2

[Event "Seniors-LEM-65 Sachsen-Anhalt 2024"]
[Site "Magdeburg"]
[Date "2024.07.06"]
[Round "6.3"]
[White "Haase, Reinhard"]
[Black "Okrajek, Alexander"]
[Result "1/2-1/2"]
[ECO "E00"]
[WhiteElo "2044"]
[BlackElo "2163"]
[Annotator "RC"]
[PlyCount "25"]
[EventDate "2024.06.25"]
[EventType "swiss"]
[EventCountry "GER"]
[SourceTitle "playchess.com"]
[Source "ChessBase"]
[SourceQuality "1"]
[TimeControl "40/5400+30:1800+30"]

1. d4 Nf6 2. c4 e6 3. g3 c5 4. dxc5 Bxc5 5. Bg2 O-O 6. Nh3 Bb4+ 7. Bd2 Qe7 8. O-O Nc6 9. Nf4 Rb8 10. Nd3 Bxd2 11. Qxd2 d5 12. cxd5 Nxd5 13. Nc3 1/2-1/2

[Event "Seniors-LEM-65 Sachsen-Anhalt 2024"]
[Site "Magdeburg"]
[Date "2024.07.06"]
[Round "6.4"]
[White "Kahe, Ralph"]
[Black "Schober, Ralf"]
[Result "1/2-1/2"]
[ECO "E32"]
[WhiteElo "2129"]
[BlackElo "2090"]
[Annotator "RC"]
[PlyCount "44"]
[EventDate "2024.06.25"]
[EventType "swiss"]
[EventCountry "GER"]
[SourceTitle "playchess.com"]
[Source "ChessBase"]
[SourceQuality "1"]
[TimeControl "40/5400+30:1800+30"]

1. d4 e6 2. c4 Nf6 3. Nc3 Bb4 4. Qc2 O-O 5. a3 Bxc3+ 6. Qxc3 d6 7. Bg5 Nbd7 8. e3 h6 9. Bh4 e5 10. Bd3 Re8 11. Ne2 b6 12. O-O Bb7 13. Rad1 Qe7 14. d5 g5 15. Bg3 Nh5 16. Bf5 Bc8 17. Qc2 Ndf6 18. Bxc8 Raxc8 19. f3 Nd7 20. Bf2 e4 21. Nd4 exf3 22. gxf3 Qf6 1/2-1/2

[Event "Seniors-LEM-65 Sachsen-Anhalt 2024"]
[Site "Magdeburg"]
[Date "2024.07.06"]
[Round "6.5"]
[White "Broemel, Richard"]
[Black "Jacob, Helmut"]
[Result "1/2-1/2"]
[ECO "A80"]
[WhiteElo "2123"]
[BlackElo "2047"]
[Annotator "RC"]
[PlyCount "29"]
[EventDate "2024.06.25"]
[EventType "swiss"]
[EventCountry "GER"]
[SourceTitle "playchess.com"]
[Source "ChessBase"]
[SourceQuality "1"]
[TimeControl "40/5400+30:1800+30"]

1. d4 f5 2. Bf4 Nf6 3. e3 e6 4. Bc4 Be7 5. Nd2 O-O 6. h3 b6 7. Qe2 Bb7 8. Ngf3 Ne4 9. O-O-O d5 10. Bd3 c5 11. Ne5 Nc6 12. Bxe4 fxe4 13. Nxc6 Bxc6 14. dxc5 Qc8 15. Bd6 1/2-1/2

[Event "Seniors-LEM-65 Sachsen-Anhalt 2024"]
[Site "Magdeburg"]
[Date "2024.07.06"]
[Round "6.6"]
[White "Gehrmann, Rudolf-Rainer"]
[Black "Leibovitch, Iziaslav"]
[Result "1/2-1/2"]
[ECO "E63"]
[WhiteElo "1980"]
[BlackElo "2105"]
[Annotator "NA RC"]
[PlyCount "137"]
[EventDate "2024.06.25"]
[EventType "swiss"]
[EventCountry "GER"]
[SourceTitle "playchess.com"]
[Source "ChessBase"]
[SourceQuality "1"]
[TimeControl "40/5400+30:1800+30"]

1. c4 Nf6 2. g3 g6 3. Bg2 Bg7 4. Nf3 O-O 5. O-O d6 6. d4 Nc6 7. Nc3 Bf5 8. b3 Ne4 {[%emt 0:10:20] 8...e5 is not played anymore.} 9. Bb2 a6 (9... Nxc3 $11 10. Bxc3 Re8) 10. e3 {[%emt 0:03:07] E63: King's Indian: Fianchetto: Panno Variation with 7...a6.} (10. Nd5 $16) 10... Qd7 $146 ({Predecessor:} 10... Nxc3 11. Bxc3 Be4 12. Re1 e5 13. d5 Ne7 14. Bf1 Bf5 15. e4 Bd7 16. b4 f5 17. Ng5 fxe4 18. Bg2 Nf5 19. Bxe4 Qxg5 {0-1 Goh,Z (2306)-Antunes,L (2045) Titled Tuesday intern op 30th Apr Early blitz 2024 (5)}) 11. Nh4 Nxc3 12. Bxc3 Bh3 13. Bxh3 Qxh3 14. Ng2 e5 15. dxe5 dxe5 16. Qc2 Qe6 17. Rad1 Rad8 18. Rxd8 Rxd8 19. Rd1 Rd6 20. Rd2 Bf8 21. Qd1 Rxd2 22. Qxd2 f6 23. e4 Bc5 24. Ne3 $11 Bxe3 25. Qxe3 Qd6 26. Kg2 Nd4 27. Qd2 c5 28. f3 b6 29. Kf2 Qe6 30. Kg2 Kg7 31. Qd1 h5 32. h4 a5 33. Qd3 Qc6 34. Bd2 Qe8 35. Qe3 Qh8 36. f4 Nc2 37. Qd3 Nd4 38. fxe5 fxe5 39. Qe3 Qe8 40. Qh6+ Kg8 41. Qe3 Qf7 42. Qf2 Qe6 43. Bh6 Qe7 44. Bg5 Qb7 45. Qe3 Nf5 46. Qd3 Nd4 47. Bf6 Qc7 48. Qe3 Kh7 49. Qg5 Nc6 50. Qd2 Nd4 51. Qg5 Nc6 52. g4 hxg4 53. Qxg4 Qd6 54. Bg5 Qd3 55. Qf3 Qxf3+ 56. Kxf3 Kg7 57. Kg4 Kf7 58. h5 gxh5+ 59. Kxh5 Ke6 60. Kg6 a4 61. Bd2 axb3 62. axb3 Nd4 63. b4 Nc6 64. bxc5 bxc5 65. Kg5 Nb4 66. Be3 Nd3 67. Kg6 Nf4+ 68. Kg5 Nd3 69. Kg6 1/2-1/2

[Event "Seniors-LEM-65 Sachsen-Anhalt 2024"]
[Site "Magdeburg"]
[Date "2024.07.06"]
[Round "6.7"]
[White "Poetke, Dan-Peter"]
[Black "Krueger, Erich"]
[Result "0-1"]
[ECO "A48"]
[WhiteElo "1968"]
[BlackElo "2095"]
[Annotator "NA RC"]
[PlyCount "52"]
[EventDate "2024.06.25"]
[EventType "swiss"]
[EventCountry "GER"]
[SourceTitle "playchess.com"]
[Source "ChessBase"]
[SourceQuality "1"]
[TimeControl "40/5400+30:1800+30"]

1. d4 Nf6 2. Nf3 g6 3. Bf4 d6 4. e3 Bg7 5. h3 O-O 6. Be2 c5 {[%emt 0:01:56] 6...b6 is a critical line.} 7. O-O b6 {[%emt 0:04:14] A48: 1 d4 Nf6 2 Nf3 g6: Torre, London and Colle Systems.} 8. a4 Bb7 9. a5 Nbd7 10. a6 Bc6 11. Nc3 d5 12. Nb5 $146 ({Predecessor:} 12. Ne5 Nxe5 13. Bxe5 Qd7 14. dxc5 bxc5 15. Ra5 Qe6 16. Bxf6 Bxf6 17. Rxc5 Rfd8 18. Bf3 Bxc3 19. bxc3 {½-½ Osmak,I (2405)-Shohradova,L (1950) Olympiad Women-43 2018 (2.1)}) 12... c4 13. Nc3 b5 14. b4 Qb6 15. Ne5 Nb8 16. Ra5 Ne4 17. Nxe4 (17. Nxc6 $1 $14 Nxc3 18. Nxe7+ Kh8 19. Qe1 Nxe2+ 20. Qxe2) 17... dxe4 18. Qa1 ({White should play} 18. d5 $15 Rd8 19. Qd4 (19. Nxc6 $2 {is the wrong capture.} Nxc6 20. dxc6 Rxd1 $19)) 18... f6 {[%emt 0:02:54] [#]} 19. Ng4 $2 ({White has to play} 19. Nxc4 $1 $18 bxc4 20. Bxc4+ Kh8 21. b5) 19... h5 20. Bxb8 Raxb8 21. Nh2 f5 22. c3 e5 23. dxe5 Rbe8 24. g3 Bxe5 $19 25. Rd1 Bxg3 26. Rd6 Bxd6 0-1

[Event "Seniors-LEM-65 Sachsen-Anhalt 2024"]
[Site "Magdeburg"]
[Date "2024.07.06"]
[Round "6.8"]
[White "Renner, Bernd"]
[Black "Kolthoff, Siegmund"]
[Result "1/2-1/2"]
[ECO "A31"]
[WhiteElo "1997"]
[BlackElo "2090"]
[Annotator "RC"]
[PlyCount "63"]
[EventDate "2024.06.25"]
[EventType "swiss"]
[EventCountry "GER"]
[SourceTitle "playchess.com"]
[Source "ChessBase"]
[SourceQuality "1"]
[TimeControl "40/5400+30:1800+30"]

1. e4 c5 2. Nf3 d6 3. d4 cxd4 4. Nxd4 a6 5. c4 Nf6 6. Nc3 e6 7. Be2 Be7 8. O-O Nbd7 9. Be3 Qc7 10. Rc1 b6 11. Qd2 Bb7 12. f3 O-O 13. Rfd1 Rad8 14. Qe1 Rfe8 15. Qf2 Bf8 16. Kh1 Rc8 17. Bf1 Qb8 18. Nc2 Qc7 19. Ne1 Ba8 20. b3 Qb7 21. Bf4 Ne5 22. Nd3 Ng6 23. Be3 Nd7 24. Nb2 Nge5 25. h3 Be7 26. Kh2 Qc7 27. Kh1 Rb8 28. Rc2 Rec8 29. Rcd2 Rd8 30. Bd4 Nc6 31. Be3 Nce5 32. Bd4 1/2-1/2

[Event "Seniors-LEM-65 Sachsen-Anhalt 2024"]
[Site "Magdeburg"]
[Date "2024.07.06"]
[Round "6.9"]
[White "Waagener, Ulrich"]
[Black "Hess, Juergen"]
[Result "1/2-1/2"]
[ECO "C44"]
[WhiteElo "2080"]
[BlackElo "1958"]
[Annotator "RC"]
[PlyCount "22"]
[EventDate "2024.06.25"]
[EventType "swiss"]
[EventCountry "GER"]
[SourceTitle "playchess.com"]
[Source "ChessBase"]
[SourceQuality "1"]
[TimeControl "40/5400+30:1800+30"]

1. e4 e5 2. Nf3 Nc6 3. c3 f5 4. d4 fxe4 5. Nxe5 Nf6 6. Bb5 a6 7. Ba4 Bd6 8. Bf4 Qe7 9. Bxc6 dxc6 10. Bg3 O-O 11. O-O c5 1/2-1/2

[Event "Seniors-LEM-65 Sachsen-Anhalt 2024"]
[Site "Magdeburg"]
[Date "2024.07.06"]
[Round "6.10"]
[White "Just, Joachim"]
[Black "Ruether, Rudolf"]
[Result "1/2-1/2"]
[ECO "A46"]
[WhiteElo "1909"]
[BlackElo "2065"]
[Annotator "NA RC"]
[PlyCount "24"]
[EventDate "2024.06.25"]
[EventType "swiss"]
[EventCountry "GER"]
[SourceTitle "playchess.com"]
[Source "ChessBase"]
[SourceQuality "1"]
[TimeControl "40/5400+30:1800+30"]

1. d4 Nf6 2. Nf3 e6 3. Bg5 c5 4. c3 b6 5. e3 Be7 6. Nbd2 h6 7. Bf4 O-O 8. Be2 d6 9. O-O Nh5 10. h3 Nxf4 11. exf4 Nc6 12. dxc5 $15 (12. Nc4 $11) 12... dxc5 1/2-1/2

[Event "Seniors-LEM-65 Sachsen-Anhalt 2024"]
[Site "Magdeburg"]
[Date "2024.07.06"]
[Round "6.11"]
[White "Krueger, Wolfgang"]
[Black "Wolff, Stefan"]
[Result "1/2-1/2"]
[ECO "B25"]
[WhiteElo "2054"]
[BlackElo "1956"]
[Annotator "RC"]
[PlyCount "35"]
[EventDate "2024.06.25"]
[EventType "swiss"]
[EventCountry "GER"]
[SourceTitle "playchess.com"]
[Source "ChessBase"]
[SourceQuality "1"]
[TimeControl "40/5400+30:1800+30"]

1. e4 c5 2. Nc3 Nc6 3. g3 g6 4. Bg2 Bg7 5. d3 d6 6. f4 e6 7. Nf3 Nge7 8. O-O O-O 9. Be3 a6 10. a4 Rb8 11. Kh1 b5 12. axb5 axb5 13. d4 cxd4 14. Nxd4 Nxd4 15. Bxd4 Bxd4 16. Qxd4 b4 17. Nd1 d5 18. exd5 1/2-1/2

[Event "Seniors-LEM-65 Sachsen-Anhalt 2024"]
[Site "Magdeburg"]
[Date "2024.07.06"]
[Round "6.12"]
[White "Cordes, Lothar"]
[Black "Klettke, Wolfgang"]
[Result "1/2-1/2"]
[ECO "B38"]
[WhiteElo "1858"]
[BlackElo "2008"]
[Annotator "NA RC"]
[PlyCount "30"]
[EventDate "2024.06.25"]
[EventType "swiss"]
[EventCountry "GER"]
[SourceTitle "playchess.com"]
[Source "ChessBase"]
[SourceQuality "1"]
[TimeControl "40/5400+30:1800+30"]

1. d4 Nf6 2. Nf3 g6 3. c4 c5 4. Nc3 cxd4 5. Nxd4 Bg7 6. e4 d6 7. Be2 O-O 8. Be3 Nc6 9. O-O Nxd4 10. Bxd4 b6 11. f4 Bb7 12. Bf3 Qc7 13. b3 Nd7 14. Bxg7 Kxg7 15. Nd5 $14 Bxd5 1/2-1/2

[Event "Seniors-LEM-65 Sachsen-Anhalt 2024"]
[Site "Magdeburg"]
[Date "2024.07.06"]
[Round "6.13"]
[White "Lorenz, Dietmar"]
[Black "Bregler, Herbert"]
[Result "0-1"]
[ECO "E08"]
[WhiteElo "1981"]
[BlackElo "1952"]
[Annotator "NA RC"]
[PlyCount "90"]
[EventDate "2024.06.25"]
[EventType "swiss"]
[EventCountry "GER"]
[SourceTitle "playchess.com"]
[Source "ChessBase"]
[SourceQuality "1"]
[TimeControl "40/5400+30:1800+30"]

1. Nf3 d5 2. c4 e6 3. d4 Nf6 4. g3 Be7 5. Bg2 O-O 6. O-O Nbd7 7. Qc2 c5 8. cxd5 exd5 9. Nc3 cxd4 10. Nxd4 Nc5 11. Rd1 Ne6 12. Nf5 d4 13. e3 Bc5 14. Nxd4 Qe7 15. Nf5 Qc7 16. Na4 g6 17. Nd4 (17. Nxc5 $142 Qxc5 18. Qxc5 Nxc5 19. Ne7+ Kg7 20. b4) 17... Rd8 (17... Be7 {is a better defense.} 18. Qxc7 Nxc7) 18. Nxe6 $18 Rxd1+ 19. Qxd1 Bxe6 20. Nxc5 Qxc5 21. Bxb7 Rb8 22. Bg2 Qe5 23. Qd4 Qf5 24. b3 Ng4 25. e4 Qh5 26. h3 Ne5 27. Bb2 f6 28. f4 Nf3+ 29. Bxf3 Qxf3 30. Qf2 Qxe4 31. Re1 Qd5 32. Qxa7 Ra8 33. Qe3 Bxh3 34. Qe2 Rxa2 35. Qe8+ Kg7 36. Re7+ Kh6 37. Qf8+ Kh5 38. Rxh7+ Kg4 39. Qc8+ f5 40. Rxh3 Kxh3 41. Qh8+ Kxg3 42. Qh2+ Kg4 43. Qc2 Qe4 44. Qd1+ Qf3 45. Qb1 Qxb3 0-1

[Event "Seniors-LEM-65 Sachsen-Anhalt 2024"]
[Site "Magdeburg"]
[Date "2024.07.06"]
[Round "6.14"]
[White "Schmidt, Gerhard"]
[Black "Onasch, Gunnar"]
[Result "1/2-1/2"]
[ECO "D58"]
[WhiteElo "2112"]
[BlackElo "1949"]
[Annotator "RC"]
[PlyCount "32"]
[EventDate "2024.06.25"]
[EventType "swiss"]
[EventCountry "GER"]
[SourceTitle "playchess.com"]
[Source "ChessBase"]
[SourceQuality "1"]
[TimeControl "40/5400+30:1800+30"]

1. d4 Nf6 2. Nf3 e6 3. c4 d5 4. Nc3 Be7 5. Bg5 O-O 6. e3 h6 7. Bh4 b6 8. Be2 dxc4 9. Bxc4 Bb7 10. O-O Nbd7 11. Qe2 Ne4 12. Bxe7 Qxe7 13. Rac1 c5 14. Ba6 Bxa6 15. Qxa6 Ndf6 16. Rfd1 Nxc3 1/2-1/2

[Event "Seniors-LEM-65 Sachsen-Anhalt 2024"]
[Site "Magdeburg"]
[Date "2024.07.06"]
[Round "6.15"]
[White "Andersen, Knut"]
[Black "Lehr, Thomas"]
[Result "1/2-1/2"]
[ECO "D02"]
[WhiteElo "2104"]
[BlackElo "1954"]
[Annotator "RC"]
[PlyCount "65"]
[EventDate "2024.06.25"]
[EventType "swiss"]
[EventCountry "GER"]
[SourceTitle "playchess.com"]
[Source "ChessBase"]
[SourceQuality "1"]
[TimeControl "40/5400+30:1800+30"]

1. d4 e6 2. Nf3 d5 3. Bf4 c6 4. Nbd2 Nf6 5. e3 Bd6 6. Ne5 O-O 7. Bd3 Qe7 8. Bg3 c5 9. c3 Nc6 10. f4 Bd7 11. Qe2 Be8 12. O-O Nd7 13. Rae1 f5 14. Ndf3 c4 15. Bc2 Ndxe5 16. fxe5 Bc7 17. Bh4 Qd7 18. Kh1 Bh5 19. h3 Bd8 20. Qf2 h6 21. Rg1 g5 22. g4 fxg4 23. hxg4 Qf7 24. Ref1 Bg6 25. Bg3 Be7 26. Kg2 Qg7 27. Qe2 Qh7 28. Bxg6 Qxg6 29. Rh1 Kg7 30. Rh5 Rh8 31. Rfh1 Qe4 32. Kg1 Raf8 33. Ne1 1/2-1/2

[Event "Seniors-LEM-65 Sachsen-Anhalt 2024"]
[Site "Magdeburg"]
[Date "2024.07.06"]
[Round "6.16"]
[White "Costello, Colin A"]
[Black "Matthey, Harald"]
[Result "0-1"]
[ECO "A35"]
[WhiteElo "1911"]
[BlackElo "2064"]
[Annotator "NA RC"]
[PlyCount "74"]
[EventDate "2024.06.25"]
[EventType "swiss"]
[EventCountry "GER"]
[SourceTitle "playchess.com"]
[Source "ChessBase"]
[SourceQuality "1"]
[TimeControl "40/5400+30:1800+30"]

1. c4 g6 2. Nc3 Bg7 3. Nf3 c5 4. d4 cxd4 5. Nxd4 Nc6 6. Nxc6 bxc6 7. g3 h5 {[%emt 0:01:17] A35: Symmetrical English: 2 Nc3 Nc6 3 Nf3.} 8. h4 Qa5 9. Bd2 Rb8 10. Rb1 Ba6 11. e4 Nf6 12. Be2 O-O 13. O-O Qc7 14. b3 d6 15. Re1 Bc8 16. Bf3 Nd7 17. Qc2 Ne5 18. Bg2 f5 19. Bf4 Ng4 20. exf5 Bxf5 21. Be4 Bd4 $17 22. Nd1 e5 23. Bxf5 Rxf5 24. Be3 Qf7 25. Bxd4 exd4 26. f4 Re8 27. Nf2 Ne3 28. Qd3 c5 29. b4 Qb7 30. Rxe3 Rxe3 31. bxc5 Rxd3 32. Rxb7 Rxg3+ 33. Kh2 Rf3 34. cxd6 Rxf2+ 35. Kg3 R2xf4 36. d7 Rf8 37. d8=Q Rg4+ 0-1

[Event "Seniors-LEM-65 Sachsen-Anhalt 2024"]
[Site "Magdeburg"]
[Date "2024.07.06"]
[Round "6.17"]
[White "Kopp, Peter"]
[Black "Luebeck, Stephan"]
[Result "1/2-1/2"]
[ECO "A04"]
[WhiteElo "2014"]
[BlackElo "1942"]
[Annotator "NA RC"]
[PlyCount "195"]
[EventDate "2024.06.25"]
[EventType "swiss"]
[EventCountry "GER"]
[SourceTitle "playchess.com"]
[Source "ChessBase"]
[SourceQuality "1"]
[TimeControl "40/5400+30:1800+30"]

1. Nf3 g6 2. g3 Bg7 3. Bg2 e5 4. d3 Ne7 5. e4 c5 6. O-O Nbc6 7. c3 d6 8. a4 Rb8 {[%emt 0:01:57] A04: Unusual lines after 1 Nf3 and King's Indian Attack.} 9. Nbd2 a6 10. Re1 b5 11. axb5 axb5 12. Nf1 O-O 13. Ne3 Qb6 14. h3 Ba6 15. Qb3 Ra8 16. Nd5 Nxd5 17. exd5 Ne7 18. Nd2 Qc7 19. Rb1 Rfb8 20. Qc2 Bb7 21. c4 bxc4 22. dxc4 Bc8 23. g4 Rb4 24. b3 Rab8 $11 (24... f5 $15) 25. Bf3 f5 26. Bd1 Bd7 27. Bb2 Qc8 28. Bc3 R4b7 29. f3 Bh6 30. Nf1 Qf8 31. Bd2 Bxd2 32. Qxd2 Qf6 33. g5 Qg7 34. f4 e4 35. Bc2 h6 36. h4 hxg5 37. hxg5 Qd4+ 38. Kg2 Kf7 39. Red1 Qg7 40. Ne3 Rh8 41. Rh1 Rbb8 42. Rxh8 Rxh8 43. Rh1 Ke8 44. Rxh8+ Qxh8 45. Qf2 Nc8 46. Qd2 Nb6 47. Qa5 Qd4 48. Kf2 Ke7 49. Bd1 Nc8 50. Be2 Qh8 51. Ng2 Qb2 52. Qe1 Nb6 53. Qd1 Na8 54. Ne3 Nc7 55. Qh1 Qg7 56. Qc1 Na6 57. Nd1 Nb4 58. Qc3 Qd4+ 59. Qxd4 cxd4 60. Nb2 Kd8 61. Bd1 Be8 62. Ke1 Bf7 63. Kd2 Ke7 64. Bc2 Kd7 65. Bd1 Kc7 66. Be2 Kb6 67. Na4+ Ka5 68. Nb2 Na2 69. Nd1 Kb4 70. Kc2 Ka3 71. c5 Nb4+ 72. Kd2 dxc5 73. d6 Kxb3 74. Bb5 e3+ 75. Nxe3 dxe3+ 76. Kxe3 Be6 77. d7 Nd5+ 78. Kf3 Bxd7 79. Bxd7 Kc4 80. Be8 Ne7 81. Ke3 Kb3 82. Bf7+ Kc2 83. Bc4 Kd1 84. Bf7 Ke1 85. Be6 Kf1 86. Kf3 Ke1 87. Ke3 Kd1 88. Kd3 Ke1 89. Kc4 Kf2 90. Kxc5 Ke3 91. Kd6 Kxf4 92. Kxe7 Kxg5 93. Bc4 Kf4 94. Kf6 g5 95. Bd3 g4 96. Bxf5 g3 97. Bh3 g2 98. Bxg2 1/2-1/2

[Event "Seniors-LEM-65 Sachsen-Anhalt 2024"]
[Site "Magdeburg"]
[Date "2024.07.06"]
[Round "6.18"]
[White "Lapp, Karl"]
[Black "Krien, Hartmut"]
[Result "1-0"]
[ECO "A80"]
[WhiteElo "2001"]
[BlackElo "1928"]
[Annotator "NA RC"]
[PlyCount "101"]
[EventDate "2024.06.25"]
[EventType "swiss"]
[EventCountry "GER"]
[SourceTitle "playchess.com"]
[Source "ChessBase"]
[SourceQuality "1"]
[TimeControl "40/5400+30:1800+30"]

1. d4 d5 2. Nf3 e6 3. Bf4 c6 4. c3 f5 5. e3 Nf6 6. Nbd2 Bd6 {[%emt 0:11:46] A80: Dutch Defence: Unusual White second moves.} 7. Bd3 O-O 8. O-O Ne4 9. Bxd6 Qxd6 10. Ne5 Nxd2 11. Qxd2 Nd7 12. Nxd7 Bxd7 13. Qc2 e5 14. dxe5 Qxe5 15. Rfe1 Rf6 16. Rad1 Raf8 17. a4 Rh6 18. g3 Qe8 19. Be2 g5 20. c4 Be6 21. cxd5 cxd5 22. f4 g4 23. a5 Bd7 (23... Qe7 $16 {might work better.}) 24. Rd3 Bc6 25. Rc3 a6 26. Qd2 Re6 27. Bd1 Qd8 28. Rd3 Rd6 {[%emt 0:08:03] [#]} ({Black should play} 28... Rfe8 $14) 29. Bb3 $14 (29. e4 $1 $16) 29... Rf7 30. e4 fxe4 31. Rxe4 Kf8 32. Re5 Re7 33. Rde3 Rxe5 34. fxe5 Re6 35. Qb4+ Qe7 36. Qd4 Qg5 37. Re1 Ke8 38. Qf4 Qg7 39. Bc2 h5 40. Bf5 Re7 41. e6 Rc7 42. Bg6+ Qxg6 43. Qxc7 Qf6 44. Qf4 Qxf4 45. gxf4 Ke7 46. f5 h4 47. Kf2 Kf6 48. e7 Be8 49. Re6+ Kxf5 50. Rh6 Bd7 51. Rh8 1-0

[Event "Seniors-LEM-65 Sachsen-Anhalt 2024"]
[Site "Magdeburg"]
[Date "2024.07.06"]
[Round "6.19"]
[White "Waltenberger, Udo"]
[Black "Krieg, Peter"]
[Result "1/2-1/2"]
[ECO "E17"]
[WhiteElo "1993"]
[BlackElo "1920"]
[Annotator "NA RC"]
[PlyCount "69"]
[EventDate "2024.06.25"]
[EventType "swiss"]
[EventCountry "GER"]
[SourceTitle "playchess.com"]
[Source "ChessBase"]
[SourceQuality "1"]
[TimeControl "40/5400+30:1800+30"]

1. d4 Nf6 2. Nf3 e6 3. g3 d5 4. Bg2 Be7 5. c4 O-O 6. cxd5 exd5 7. O-O b6 8. b3 Bb7 9. Bb2 Nbd7 10. Nc3 Ne4 11. Nxe4 {[%emt 0:00:26] E17: Queen's Indian: 4 g3 Bb7 5 Bg2 Be7.} dxe4 12. Nd2 f5 13. Rc1 Nf6 14. e3 Rc8 15. Nc4 Ba6 16. Re1 Bb4 17. Re2 Qe7 18. Rec2 Rfd8 19. Ne5 Bb7 20. a3 Bd6 21. Nc4 Qe6 22. Nxd6 cxd6 23. Rxc8 Rxc8 24. Bf1 $11 Rxc1 25. Qxc1 Qc8 26. Qxc8+ Bxc8 27. Bc4+ d5 28. Bb5 a6 29. Bc6 Kf7 30. Bc3 Ke6 31. Bb4 Nd7 32. a4 Nb8 33. Ba8 Bd7 34. Bb7 Bc6 35. Bc8+ 1/2-1/2

[Event "Seniors-LEM-65 Sachsen-Anhalt 2024"]
[Site "Magdeburg"]
[Date "2024.07.06"]
[Round "6.20"]
[White "Christen, Pierre"]
[Black "Funke, Arnold"]
[Result "1/2-1/2"]
[ECO "A10"]
[WhiteElo "1946"]
[BlackElo "1902"]
[Annotator "NA RC"]
[PlyCount "72"]
[EventDate "2024.06.25"]
[EventType "swiss"]
[EventCountry "GER"]
[SourceTitle "playchess.com"]
[Source "ChessBase"]
[SourceQuality "1"]
[TimeControl "40/5400+30:1800+30"]

1. c4 e6 2. g3 f5 3. Bg2 Nf6 4. d3 Bb4+ 5. Nd2 O-O 6. a3 {[%emt 0:00:29] A10: English Opening: Unusual Replies for Black.} Bxd2+ 7. Bxd2 d6 8. e3 c6 9. Ne2 e5 10. Qb3 Kh8 11. O-O Nbd7 12. Qc2 Qe8 13. Nc3 Qh5 14. h3 g5 15. Qd1 Qg6 16. f4 (16. b4 $14) 16... gxf4 17. gxf4 ({White should try} 17. exf4 $15 Qxg3 18. Ne2 Qxd3 19. Bb4 Qe3+ (19... Qxc4 20. Bxd6 Rg8 21. fxe5 $14) 20. Kh2) 17... Rg8 18. Qe2 Nh5 19. Be1 Ndf6 (19... Nc5 $19 20. Rf2 Rg7) 20. Bh4 Bd7 21. Kh1 Rg7 22. Rg1 Rag8 23. Bf3 Qxg1+ 24. Rxg1 Rxg1+ 25. Kh2 h6 26. Bg4 fxg4 27. Bxf6+ Nxf6 28. Kxg1 gxh3+ 29. Kh1 {[%emt 0:04:49] [#]} Rg2 $1 30. Qe1 $19 Bg4 31. Qh4 Kg7 32. fxe5 dxe5 33. Ne4 Nxe4 34. Qe7+ Kg6 35. dxe4 Rf2 36. Qe8+ Kh7 1/2-1/2

[Event "Seniors-LEM-65 Sachsen-Anhalt 2024"]
[Site "Magdeburg"]
[Date "2024.07.06"]
[Round "6.25"]
[White "Domsgen, Bernd"]
[Black "Schwarz, Hans"]
[Result "1/2-1/2"]
[ECO "C01"]
[WhiteElo "1963"]
[BlackElo "1856"]
[Annotator "NA RC"]
[PlyCount "111"]
[EventDate "2024.06.25"]
[EventType "swiss"]
[EventCountry "GER"]
[SourceTitle "playchess.com"]
[Source "ChessBase"]
[SourceQuality "1"]
[TimeControl "40/5400+30:1800+30"]

1. e4 e6 2. d4 d5 3. exd5 exd5 4. Bd3 Bd6 5. h3 Nc6 6. c3 Nf6 {[%emt 0:02:18] C01: French: Exchange Variation.} 7. Nf3 h6 8. O-O O-O 9. Re1 Re8 10. Be3 Be6 11. Nbd2 Qd7 12. Nf1 Bf5 13. Nh4 Bxd3 14. Qxd3 Ne4 ({Black should play} 14... Ne7 $15) 15. b4 (15. f3 $11 Be7 16. fxe4 Bxh4 17. exd5 Qxd5 (17... Bxe1 $2 18. dxc6 bxc6 19. Rxe1 $18) 18. Re2) 15... Be7 16. Nf3 Bf6 17. a4 a6 18. N3h2 Qf5 19. f3 Nd6 20. Qxf5 Nxf5 21. Bf4 Rec8 22. Ng4 Bh4 23. g3 Be7 24. Ne5 Bd6 25. g4 Bxe5 26. Bxe5 Nh4 27. Kf2 $11 Ng6 28. Bg3 Nf8 29. f4 Ne6 30. h4 g6 31. Ne3 Ne7 32. f5 gxf5 33. gxf5 Nf8 34. f6 Nc6 35. Nxd5 Ne6 36. Ne7+ Nxe7 37. fxe7 c6 38. Be5 f5 39. c4 Kf7 40. d5 cxd5 41. cxd5 Rc2+ 42. Ke3 f4+ 43. Kd3 Rac8 44. dxe6+ Kxe7 45. Bxf4 R8c3+ 46. Kd4 Rc4+ 47. Ke5 Rxb4 48. Rad1 Rc5+ 49. Rd5 Rxd5+ 50. Kxd5 Rxf4 51. Rg1 Rf5+ 52. Ke4 Kxe6 53. Rg6+ Rf6 54. Rg7 Rf7 55. Rg6+ Rf6 56. Rg7 1/2-1/2